 Dungeon Crawl Stone Soup version 0.18.1-8-gdd0e5ea (webtiles) character file.

16 juanjsm the Insei (level 2, -1/18 HPs)
             Began as an Octopode Transmuter on June 7, 2016.
             Slain by a goblin (4 damage)
             ... on level 1 of the Dungeon.
             The game lasted 00:03:39 (229 turns).

juanjsm the Insei (Octopode Transmuter)              Turns: 229, Time: 00:03:40

Health: -1/18      AC:  1    Str:  9    XL:     2   Next: 58%
Magic:  4/5        EV: 12    Int: 15    God:
Gold:   0          SH:  0    Dex: 12    Spells: 1 memorised, 4 levels left

rFire  . . .     SeeInvis .       - Unarmed
rCold  . . .     Gourm    .     (no shield)
rNeg   . . .     Faith    .     (helmet restricted)
rPois  .         Spirit   .     (no amulet)
rElec  .         Dismiss  .     (no ring)
rCorr  .         Reflect  .     (no ring)
SustAt .         Harm     .     (no ring)
MR     .....                    (no ring)
Stlth  ++........               (no ring)
                                (no ring)
                                (no ring)
                                (no ring)

@: appendage, not resistant to hostile enchantments, unstealthy
A: almost no armour, amphibious, 8 rings, constrict 8, tentacle spike 3,
camouflage 1, gelatinous body 1
a: End Transformation


You were on level 1 of the Dungeon.
You were not hungry.
One of your tentacles had a temporary spike.
You visited 1 branch of the dungeon, and saw 2 of its levels.

Inventory:

Missiles
 a - 12 arrows
Scrolls
 d - a scroll of fog {unknown}
 f - 2 scrolls of remove curse {unknown}
 g - a scroll of random uselessness {unknown}
 i - 2 scrolls of enchant armour {unknown}
 j - a scroll of recharging {unknown}
Potions
 e - 2 potions of haste {unknown}
 h - a potion of degeneration {unknown}
Books
 b - a book of Changes

   Spells                             Type                      Level
   a - Beastly Appendage              Transmutation                1
   b - Sticks to Snakes               Transmutation                2
   c - Spider Form                    Transmutation/Poison         3
   d - Ice Form                       Ice/Transmutation            4
   e - Blade Hands                    Transmutation                5
Comestibles
 c - 2 bread rations


   Skills:
 + Level 1.1 Fighting
 + Level 2.2 Dodging
 * Level 3.3 Unarmed Combat
 + Level 2.2 Spellcasting
 + Level 2.1 Transmutations


You had 4 spell levels left.
You knew the following spells:

 Your Spells              Type           Power        Failure   Level  Hunger
a - Beastly Appendage     Trmt           #.....       12%         1    #......


Dungeon Overview and Level Annotations

Branches:
Dungeon (2/15)

Altars:


Innate Abilities, Weirdness & Mutations

You cannot wear most types of armour.
You are amphibious.
You can wear up to eight rings at the same time.
You can use your tentacles to constrict eight enemies at once.
Your skin changes colour to match your surroundings (Stealth).
Your rubbery body absorbs attacks (AC +1).
One of your tentacles bears a large vicious spike.


Message History

You tentacle-slap the ooze.
You kill the ooze!
There is a stone staircase leading up here.
Your transformation is almost over.
i - 2 scrolls labeled TIEHEU DUSUU (gained 1)
There is a stone staircase leading up here.
You climb upwards.
There is a stone staircase leading down here.
Your magical contamination has completely faded away.
c - 2 bread rations (gained 1)
Your tentacle spike disappears.
A goblin comes into view.
The goblin shouts!
The goblin moves out of view.
You are too injured to fight recklessly!
Casting: Beastly Appendage
Confirm with . or Enter, or press ? or * to list all spells.
One of your tentacles grows a vicious spike.
The goblin hits you.
You die...

..#.##.......... ....
#.#.##.######### #..#.. .
#.##.# ...#.# .# #.##.#
.....##.## #. #.# ####.##......
. #.# ####....##..#.. w. #.###
........##..#.# ...
#.##...########g##.##..#.##...#
#.............@...............#
######....#####.##.##.#>.##....
.....###.# #.........)....#
####. #.#######.############ #.
#...†.†........... ..
#########......... ..
#............ ... #.....†......
...............


You could see a goblin.

Vanquished Creatures
  An ooze (D:2)
  A dart slug (D:1)
  A giant cockroach (D:1)
  3 goblins (D:1)
  2 hobgoblins (D:1)
  A giant newt (D:1)
9 creatures vanquished.

Notes
Turn   | Place    | Note
--------------------------------------------------------------
     0 | D:1      | juanjsm the Octopode Transmuter began the quest for the Orb.
     0 | D:1      | Reached XP level 1. HP: 13/13 MP: 3/3
   166 | D:1      | Reached XP level 2. HP: 16/18 MP: 3/5
   229 | D:1      | Slain by a goblin

Action                   || total
-------------------------++-------
Melee: Unarmed           ||    24
       Constrict         ||     5
       Kick              ||     3
       Tentacles         ||     1
 Cast: Beastly Appendage ||     6
 Stab: Sleeping          ||     1
Armor: Skin              ||     2
Dodge: Dodged            ||    13
